 Dungeon Crawl Stone Soup version 0.30-a0-883-g5ad918d77d (webtiles) character file.

Game seed: 13894953849243579431

2419 Soil the Trooper (level 9, -2/63 HPs)
             Began as a Demonspawn Fighter on Mar 15, 2023.
             Was a Follower of Hepliaklqana.
             Slain by a killer bee zombie (4 damage)
             ... on level 7 of the Dungeon.
             The game lasted 00:39:13 (7290 turns).

Soil the Trooper (Demonspawn Fighter)               Turns: 7290, Time: 00:39:13

Health: -2/63      AC: 12    Str: 21    XL:     9   Next: 24%
Magic:  9/9        EV:  7    Int: 10    God:    Hepliaklqana [*.....]
Gold:   146        SH:  5    Dex: 12    Spells: 8/8 levels left

rFire   . . .      SeeInvis .    a - +3 trident
rCold   . . .      Faith    .    c - +0 buckler
rNeg    . . .      Spirit   .    d - +0 chain mail
rPois   .          Reflect  .    (helmet restricted)
rElec   .          Rampage  .    j - +0 cloak
rCorr   .                        g - +0 pair of gloves
Will    .....                    (no boots) Stlth
                                 (no amulet)
HPRegen 0.30/turn                f - +4 ring of slaying
MPRegen 0.22/turn                n - ring of flight

@: flying
A: reduced essence, claws 2, horns 1, ignite blood 1, magic regeneration,
weakness stinger 1
a: Renounce Religion, Recall Ancestor, Ancestor Identity


You were on level 7 of the Dungeon.
You worshipped Hepliaklqana.
Hepliaklqana was aware of your devotion.
You visited 2 branches of the dungeon, and saw 8 of its levels.

You collected 243 gold pieces.
You spent 97 gold pieces at shops.

Inventory:

Hand Weapons
 a - a +3 trident (weapon)
 w - a +1 spear of venom
Armour
 c - a +0 buckler (worn)
 d - a +0 chain mail (worn)
 g - a +0 pair of gloves (worn)
 j - a +0 cloak (worn)
Jewellery
 f - a +4 ring of slaying (left hand)
 n - a ring of flight (right hand)
Scrolls
 e - 2 scrolls of magic mapping
 k - a scroll of fear
 r - a scroll of enchant armour
 s - a scroll of identify
Potions
 b - a potion of haste {unknown}
 h - 2 potions of resistance {unknown}
 i - a potion of brilliance {unknown}
 l - 2 potions of degeneration {unknown}
 m - 2 potions of heal wounds {unknown}
 p - a potion of cancellation {unknown}
 t - a potion of berserk rage {unknown}
 u - a potion of attraction {unknown}


   Skills:
 + Level 6.3 Fighting
 + Level 5.3 Polearms
 + Level 5.7 Armour
 + Level 5.8 Shields
 + Level 4.7 Unarmed Combat


You had 8 spell levels left.
You didn't know any spells.
Your spell library contained the following spells:

 Spells                   Type           Power      Damage    Failure   Level
 Blink                    Tloc           0%         N/A       99%         2
 Lesser Beckoning         Tloc           0%         N/A       99%         2
 Momentum Strike          Conj/Tloc      0%         3d8       99%         2
 Stone Arrow              Conj/Erth      0%         3d7       100%        3
 Animate Armour           Summ/Erth      0%         N/A       100%        4
 Manifold Assault         Tloc           0%         N/A       100%        4
 Storm Form               Tmut/Air       0%         N/A       100%        7
 Borgnjor's Revivificati  Necr           0%         N/A       100%        8
 Lehudib's Crystal Spear  Conj/Erth      0%         10d2      100%        8
 Necromutation            Tmut/Necr      0%         N/A       100%        8
 Death's Door             Necr           0%         N/A       100%        9


Dungeon Overview and Level Annotations

Branches:
Dungeon (7/15)             Temple (1/1) D:4

Altars:
Ashenzari
Dithmenos
Fedhas
Gozag
Hepliaklqana
Kikubaaqudgha
Makhleb
Okawaru
Trog
Uskayaw
Xom
Yredelemnul

Shops:
D:2 !   D:4 *


Innate Abilities, Weirdness & Mutations

Your life essence is reduced to manifest your ancestor. (-10% HP)
You have very sharp fingernails.
You have a pair of small horns on your head.
Your demonic aura sometimes causes spilled blood to erupt in flames.
You regenerate magic rapidly.
You have a small tail.


Message History

A killer bee zombie comes into view.
The orc warrior completely misses you. You block the orc wizard's attack.
Things that are here:
a +3 whip; an orc corpse You puncture the orc warrior!
Your headbutt misses the orc warrior.
You tail-slap the orc warrior, but do no damage.
The orc warrior is heavily wounded.
The orc warrior hits you with a +0 glaive!!
The orc wizard is engulfed in blazing flames.
The orc wizard casts a spell at you.
The puff of flame hits you but does no damage.
You hit the orc warrior. You tail-slap the orc warrior.
The orc warrior is severely wounded.
The orc warrior hits you with a +0 glaive!
The orc wizard is engulfed in blazing flames.
You kill the orc wizard!
Tihomir hits the orc warrior.
You closely miss the orc warrior.
Your tail-slap misses the orc warrior.
The orc warrior is severely wounded.
The orc warrior hits Tihomir with a +0 glaive!
Tihomir barely misses the orc warrior.
You closely miss the orc warrior.
The orc warrior is severely wounded.
The killer bee zombie is engulfed in blazing flames.
The killer bee zombie hits you but does no damage.
The orc warrior closely misses Tihomir.
Tihomir hits the orc warrior.
The killer bee zombie is engulfed in blazing flames.
The killer bee zombie hits you but does no damage.
The orc warrior hits you with a +0 glaive!!
* * * LOW HITPOINT WARNING * * *
You puncture the orc warrior!
You kill the orc warrior!
The killer bee zombie hits you.
* * * LOW HITPOINT WARNING * * *
Tihomir hits the killer bee zombie.
The killer bee zombie hits you but does no damage.
The orc hits Tihomir with a +0 mace.
Tihomir closely misses the orc.
The orc hits Tihomir but does no damage.
The killer bee zombie hits you.
You die...

#........ #.......
#....... #.......
#......# #......#
#...oo○#
#....RZ#########
#.....@.....†..#
############..)........#
#.bbb...# #...........#
#.#####b#
#...........##### #.#
#.# #...............+
###b# #b#
#...............# R##.#
#b# #...............#
b##b# #b#
#.....÷.........#


b.bb# #.# ####...#.###....# You could see the friendly Tihomir the ancestor, 2
orcs and a killer bee zombie.

Vanquished Creatures
  Joseph (D:7)
  Menkaure (D:7)
  An orc warrior (D:7)
  3 ogres (D:5)
  2 centaurs
  A phantom (D:6)
  2 kobold brigands
  2 bullfrogs (D:7)
  A scorpion (D:4)
  3 wights (D:6)
  A howler monkey (D:4)
  4 hounds
  A gnoll bouda (D:6)
  3 orc priests
  Jessica (D:2)
  2 iguanas (D:4)
  3 orc wizards
  5 gnolls (D:6)
  7 adders
  2 white imps
  An ufetubus (D:7)
  2 dart slugs (D:5)
  11 orcs
  10 bats
  7 endoplasms
  8 giant cockroaches
  6 goblins
  13 hobgoblins
  5 jackals
  20 kobolds
  4 quokkas
  10 ball pythons
  2 frilled lizards (D:2)
  4 rats
149 creatures vanquished.

Vanquished Creatures (collateral kills)
  A bullfrog (D:7)
  5 orcs
  A kobold (D:7)
7 creatures vanquished.

Vanquished Creatures (others)
  Prince Ribbit (D:7)
  An ancestor (D:6)
  8 plants (D:4)
  A withered plant (D:7)
11 creatures vanquished.

Grand Total: 167 creatures vanquished

Notes
Turn   | Place    | Note
-------+----------+-------------------------------------------
     0 | D:1      | Soil the Demonspawn Fighter began the quest for the Orb.
     0 | D:1      | Reached XP level 1. HP: 18/18 MP: 1/1
   272 | D:1      | Discovered your monstrous ancestry.
   272 | D:1      | Gained mutation: You have a pair of small horns on your
                  | head. [demonic ancestry]
   272 | D:1      | Reached XP level 2. HP: 24/24 MP: 2/2
   872 | D:1      | Gained mutation: You have a small tail. [demonic ancestry]
   872 | D:1      | Reached XP level 3. HP: 29/29 MP: 3/3
  1545 | D:2      | Noticed Jessica
  1548 | D:2      | Killed Jessica
  1549 | D:2      | Reached XP level 4. HP: 22/35 MP: 4/4
  1552 | D:2      | Reached skill level 1 in Unarmed Combat
  1612 | D:2      | Found Elilarr's Distillery.
  1624 | D:2      | Identified the +2 robe of Irchyec {+Inv rElec rF+ MP-9}
  1632 | D:2      | You fall into a shaft and drop 2 floors!
  2203 | D:3      | Found a hide-covered altar of Uskayaw.
  2492 | D:3      | Gained mutation: You regenerate magic rapidly. [demonic
                  | ancestry]
  2492 | D:3      | Reached XP level 5. HP: 42/42 MP: 5/5
  3115 | D:4      | Reached skill level 4 in Fighting
  3115 | D:4      | Gained mutation: You have sharp fingernails. [demonic
                  | ancestry]
  3115 | D:4      | Reached XP level 6. HP: 32/48 MP: 6/6
  3285 | D:4      | Found Yhuarhesm's General Store.
  3296 | D:4      | Bought a scroll of enchant weapon for 97 gold pieces
  3761 | D:4      | Found a staircase to the Ecumenical Temple.
  3978 | Temple   | Entered the Ecumenical Temple
  4047 | Temple   | Became a worshipper of Hepliaklqana the Forgotten
  4494 | D:5      | Entered Level 5 of the Dungeon
  4500 | D:5      | Reached XP level 7. HP: 55/55 MP: 7/7
  5350 | D:5      | Reached skill level 5 in Fighting
  5442 | D:5      | Reached * piety under Hepliaklqana
  5937 | D:6      | Gained mutation: You have very sharp fingernails. [demonic
                  | ancestry]
  5937 | D:6      | Reached XP level 8. HP: 53/55 MP: 8/8
  6234 | D:6      | Reached skill level 5 in Shields
  6284 | D:6      | Reached skill level 5 in Armour
  6720 | D:6      | Found a faded altar of an unknown god.
  6720 | D:6      | Found an opulent altar of Gozag.
  6728 | D:6      | Found a shadowy altar of Dithmenos.
  6731 | D:6      | Found a broken altar of Ashenzari.
  6733 | D:6      | Found a faded altar of an unknown god.
  7041 | D:7      | Noticed Prince Ribbit
  7043 | D:7      | Noticed Menkaure
  7058 | D:7      | Killed Menkaure
  7059 | D:7      | Reached skill level 6 in Fighting
  7091 | D:7      | Noticed Joseph
  7092 | D:7      | Killed Prince Ribbit
  7093 | D:7      | Reached skill level 5 in Polearms
  7093 | D:7      | Gained mutation: Your demonic aura sometimes causes spilled
                  | blood to erupt in flames. [demonic ancestry]
  7093 | D:7      | Reached XP level 9. HP: 9/62 MP: 9/9
  7097 | D:7      | Killed Joseph
  7288 | D:7      | HP: 2/63 [orc warrior/+0 glaive (18)]
  7290 | D:7      | Slain by a killer bee zombie

Illustrated notes

Levels and vault maps discovered:
D:1:      dpeg_arrival_round_b, layout_loops_ring, minmay_pentomino_z4
D:2:      layout_basic, serial_shops, nicolae_shop_statue_plus, minivault_19,
          uniq_jessica
D:3:      layout_loops_ring, nicolae_uskayaw_murder_on_the_dancefloor,
          grunt_ministairs_8
D:4:      layout_loops_ring, minmay_temple_entry_waves, serial_shops,
          nicolae_shop_crystal, grunt_decor_junction, serial_bayou_pond_b
D:5:      layout_cave_pools
D:6:      layout_loops_ring, chequers_temple_overflow_minitemple
D:7:      layout_basic, nicolae_sif_muna_condensation, serial_undead,
          serial_undead_b, serial_undead_c, serial_undead_b, serial_undead_d,
          uniq_menkaure, uniq_crazy_yiuf_cottage, uniq_prince_ribbit1,
          uniq_joseph
Temple:   dpeg_chambers_temple

Skill      XL: |  1  2  3  4  5  6  7  8 |
---------------+-------------------------+-----
Polearms       | 2 3 4 5 |  5.3
Shields        | 3 4 5 |  5.8
Armour         | 3 4 5 |  5.7
Unarmed Combat | 1 2 3 4 |  4.7
Fighting       | 4 5 6 |  6.3

Action                     |  1- 3 |  4- 6 |  7- 9 || total
---------------------------+-------+-------+-------++-------
  Melee: Trident           |    60 |   129 |   132 ||   321
         Headbutt          |     9 |    19 |    26 ||    54
         Tailslap          |       |    12 |    21 ||    33
    Use: Scroll            |     4 |     6 |     8 ||    18
         Potion            |     1 |     1 |     4 ||     6
 Armour: Scale mail        |    19 |       |       ||    19
         Chain mail        |       |    72 |   102 ||   174
  Dodge: Dodged            |    25 |    45 |    50 ||   120
  Block: Buckler           |    17 |    32 |    43 ||    92

Table legend: (Time is in decaauts)
 A = Elapsed time spent in this place.
 B = Non-inter-level travel time spent in this place.
 C = Inter-level travel time spent in this place.
 D = Time resting spent in this place.
 E = Time spent auto-exploring this place.
 F = Levels seen in this place.
 G = Mean time per level.
                   A        B        C        D        E       F      G
               +--------+--------+--------+--------+--------+-----+--------+
         Total |   7348 |   6201 |   1147 |   2011 |      0 |   8 |  918.5 |
       Dungeon |   7263 |   6165 |   1098 |   2011 |      0 |   7 | 1037.6 |
        Temple |     85 |     36 |     49 |      0 |      0 |   1 |   85.0 |
               +--------+--------+--------+--------+--------+-----+--------+

Top non-repeatable levels by time:
     D:4: 1479 daAuts
     D:1: 1236 daAuts
     D:5: 1171 daAuts
     D:6: 1125 daAuts
     D:3: 965 daAuts
     D:2: 768 daAuts
     D:7: 516 daAuts
  Temple: 85 daAuts
